 Dungeon Crawl Stone Soup version 0.19.5 (webtiles) character file.

11500 Azzok the Markscentaur (level 11, -1/160 HPs)
             Began as a Centaur Berserker on June 10, 2017.
             Was a High Priest of Trog.
             Succumbed to a killer bee's poison
             ... on level 10 of the Dungeon on June 13, 2017.
             The game lasted 00:27:25 (15156 turns).

Azzok the Markscentaur (Centaur Berserker)         Turns: 15156, Time: 00:27:26

Health: -1/160     AC: 25    Str: 23    XL:     11   Next: 50%
Magic:  11/11      EV:  1    Int:  6    God:    Trog [*****.]
Gold:   619        SH:  0    Dex: 14    Spells: 0 memorised, 10 levels left

rFire  + + .     SeeInvis .     t - +0 trident (protect)
rCold  + . .     Gourm    .     (armour currently unavailable)
rNeg   + + +     Faith    .     (no shield)
rPois  +         Spirit   .     (helmet currently unavailable)
rElec  +         Reflect  .     (cloak currently unavailable)
rCorr  +         Harm     .     (gloves currently unavailable)
MR     .....     NoTele   +     (no barding)
Stlth  ++........               (no amulet)
                                v - ring of protection from fire
                                D - ring of resist corrosion

@: agile, lethally poisoned (-1 -> -12), exhausted, tree-form, resistant,
slowed, very slow
A: (hooves 0), (deformed body), (speed 0), (tough skin 0)
a: Berserk, Trog's Hand, Brothers in Arms, Burn Spellbooks, Renounce Religion


You were on level 10 of the Dungeon.
You worshipped Trog.
Trog was extremely pleased with you.
You were very hungry.
You were a tree.
You visited 2 branches of the dungeon, and saw 12 of its levels.
You also visited: Ossuary.

You collected 643 gold pieces.
You spent 24 gold pieces at shops.

Inventory:

Hand Weapons
 t - a +0 trident of protection (weapon)
 P - a +0 shortbow
Missiles
 n - 240 arrows
Armour
 g - a +0 centaur barding (melded)
 l - a +2 helmet (melded)
 L - a +0 plate armour (melded)
 X - a +1 cloak (melded)
Jewellery
 v - a ring of protection from fire (right branch)
 D - a ring of resist corrosion (left branch)
Wands
 f - a wand of acid (10/15)
 w - a wand of disintegration (4/24)
 M - a wand of lightning (3/15)
 Y - a wand of paralysis (6/24)
Scrolls
 h - 2 scrolls of immolation
 i - a scroll of amnesia
 k - a scroll of enchant armour
 m - 3 scrolls of fog
 q - 4 scrolls of teleportation
 r - 2 scrolls of fear
 x - 2 scrolls of holy word {unknown}
 y - 2 scrolls of blinking
 B - 4 scrolls of identify
 C - 4 scrolls of random uselessness {unknown}
 H - 5 scrolls of remove curse
 I - a scroll of recharging
 K - 2 scrolls of enchant weapon
 N - 2 scrolls of noise {unknown}
 O - 2 scrolls of summoning {unknown}
 Q - a scroll of vulnerability {unknown}
Potions
 s - a potion of lignification
 z - 2 potions of cure mutation {unknown}
 E - 2 potions of mutation {unknown}
 F - 4 potions of curing {unknown}
 S - a potion of haste {unknown}
 U - a potion of degeneration {unknown}
 V - 2 potions of berserk rage {unknown}
 W - 2 potions of flight
Books
 a - a book of Cantrips

   Spells                             Type                      Level
   a - Confusing Touch                Hexes                        1
   b - Animate Skeleton               Necromancy                   1
   c - Summon Small Mammal            Summoning                    1
   d - Apportation                    Translocation                1
   Trog disapproves of the use of such an item.
 d - a book of Callings

   Spells                             Type                      Level
   a - Summon Small Mammal            Summoning                    1
   b - Call Imp                       Summoning                    2
   c - Call Canine Familiar           Summoning                    3
   d - Summon Guardian Golem          Hexes/Summoning              3
   e - Summon Lightning Spire         Summoning/Air                4
   f - Summon Ice Beast               Ice/Summoning                4
   Trog disapproves of the use of such an item.
 A - Jessica's Guide on Unholy Magic
   (You found it on level 3 of the Dungeon)

   Spells                             Type                      Level
   a - Corpse Rot                     Necromancy                   2
   Trog disapproves of the use of such an item.
 G - a book of Frost

   Spells                             Type                      Level
   a - Freeze                         Ice                          1
   b - Throw Frost                    Conjuration/Ice              2
   c - Ozocubu's Armour               Charms/Ice                   3
   d - Throw Icicle                   Conjuration/Ice              4
   e - Summon Ice Beast               Ice/Summoning                4
   Trog disapproves of the use of such an item.
 J - a book of Necromancy

   Spells                             Type                      Level
   a - Pain                           Necromancy                   1
   b - Animate Skeleton               Necromancy                   1
   c - Vampiric Draining              Necromancy                   3
   d - Regeneration                   Charms/Necromancy            3
   e - Animate Dead                   Necromancy                   4
   f - Control Undead                 Necromancy                   4
   Trog disapproves of the use of such an item.
 R - a book of Misfortune

   Spells                             Type                      Level
   a - Confusing Touch                Hexes                        1
   b - Confuse                        Hexes                        3
   c - Gell's Gravitas                Hexes/Translocation          3
   d - Petrify                        Transmutation/Earth          4
   e - Metabolic Englaciation         Hexes/Ice                    5
   f - Yara's Violent Unravelling     Hexes/Transmutation          5
   Trog disapproves of the use of such an item.
Comestibles
 c - 8 bread rations {@e1}
 j - 3 chunks of flesh {@w0}
 o - 2 fruits
 u - 4 meat rations {@e2}
 T - 5 beef jerkies


   Skills:
 - Level 13.1 Fighting
 - Level 2.6 Polearms
 + Level 15.7 Bows
 - Level 1.3 Armour
 - Level 1.3 Dodging


You had 10 spell levels left.
You didn't know any spells.

Dungeon Overview and Level Annotations

Branches:
Dungeon (11/15)            Temple (0/1) D:7            Lair (1/6) D:10
    Orc (0/2) D:9

Altars:
Cheibriados
Dithmenos
Elyvilon
Hepliaklqana
Nemelex Xobeh
Qazlal
Xom
Zin

Shops:
D:5 :   D:9 =


Innate Abilities, Weirdness & Mutations

((You have hooves in place of feet.))
((Armour fits poorly on your strangely shaped body.))
((You cover ground very quickly.))
((You have extremely tough skin. (AC +3)))


Message History

The killer bee stings you but does no damage.
It was a potion of magic.
Magic courses through your body.
You feel sick.
The killer bee stings you but does no damage. x3
You take 2 damage, and have 15/107 hp.
It was a potion of resistance.
You feel protected.
You feel sick. The killer bee stings you.
* * * LOW HITPOINT WARNING * * *
The killer bee stings you but does no damage.
The killer bee stings you!
* * * LOW HITPOINT WARNING * * *
You are more poisoned.
The killer bee poisons you!
You take 14 damage, and have 1/107 hp.
It was a potion of lignification.
You turn into a tree.
Your +1 cloak melds into your body.
Your +2 helmet melds into your body.
Your +0 centaur barding melds into your body.
Your +0 plate armour melds into your body.
Your roots penetrate the ground.
You die...

▒▒▒▒▒▒▒▒▒▒ ▒········▒
▒········▒ ▒········▒
▒▒▒▒▒▒ ▒▒▒▒▒·▒♣▒▒
▒····▒
▒·▒y▒▒▒▒▒▒▒▒····▒▒▒▒
▒▒·▒c··)··········[/·
▒·<▒[▒···········▒▒▒▒
▒··▒·▒···········▒ ▒·
▒··▒·▒···········▒▒▒·
▒··▒·╬·············'·
▒··▒▒▒···········▒▒▒·
▒····▒···········▒ ▒▒


You could see a centaur and a killer bee.

Vanquished Creatures
  Josephine (D:10)
  2 hill giants
  The ghost of Azzok the Archer, a novice CeHu (D:6)
  Maurice (D:8)
  A black mamba (Lair:1)
  Psyche (D:8)
  A spiny frog (Lair:1)
  A rime drake (Lair:1)
  A two-headed ogre (D:9)
  A hippogriff (Lair:1)
  Sigmund (D:2)
  Grum (D:11)
  A wyvern (D:10)
  A basilisk (D:11)
  4 wraiths
  Menkaure (D:7)
  A water moccasin (Lair:1)
  A porcupine (Lair:1)
  5 ogres
  4 orc warriors
  3 sky beasts
  3 ice beasts
  8 wolves
  6 centaurs
  11 bullfrogs
  5 scorpions
  10 killer bees
  7 wights
  2 howler monkeys
  3 centaur zombies
  6 crimson imps
  A bullfrog zombie (D:11)
  A quasit (D:9)
  3 jellies
  4 orc priests
  7 hounds
  9 orc wizards
  2 bullfrog skeletons
  A centaur skeleton (D:5)
  Jessica (D:3)
  5 iguanas
  7 worker ants
  2 big kobold zombies (Ossuary)
  A hound skeleton (D:8)
  4 mummies (Ossuary)
  A worker ant zombie (D:7)
  7 gnolls
  9 adders
  2 shadow imps
  An ooze (D:4)
  3 adder skeletons
  2 worms (D:5)
  2 dart slugs
  5 leopard geckos
  40 orcs
  2 ball pythons
  3 giant cockroaches
  12 goblins
  6 hobgoblins
  15 jackals
  9 quokkas
  6 bats
  4 frilled lizards
  A jackal skeleton (D:3)
  2 kobolds
  A quokka skeleton (D:5)
  A quokka zombie (D:6)
  7 rats
  2 plants (D:10)
286 creatures vanquished.

Vanquished Creatures (others)
  An orc wizard (D:9)
  2 plants (Lair:1)
3 creatures vanquished.

Grand Total: 289 creatures vanquished

Notes
Turn   | Place    | Note
-------+----------+-------------------------------------------
     0 | D:1      | Azzok the Centaur Berserker began the quest for the Orb.
     0 | D:1      | Reached XP level 1. HP: 19/19 MP: 1/1
   100 | D:1      | Reached XP level 2. HP: 26/26 MP: 2/2
   496 | D:1      | Reached XP level 3. HP: 33/33 MP: 3/3
   511 | D:1      | Reached ** piety under Trog
   896 | D:2      | Noticed Sigmund
   907 | D:2      | Killed Sigmund
   907 | D:2      | Reached XP level 4. HP: 44/44 MP: 4/4
   907 | D:2      | Reached XP level 5. HP: 50/50 MP: 5/5
   999 | D:2      | Found a snail-covered altar of Cheibriados.
   999 | D:2      | Found a sparkling altar of Nemelex Xobeh.
  1002 | D:2      | Found a stormy altar of Qazlal.
  1404 | D:2      | Found a shadowy altar of Dithmenos.
  1404 | D:2      | Found a glowing silver altar of Zin.
  1694 | D:3      | Reached XP level 6. HP: 58/58 MP: 6/6
  2622 | D:3      | Noticed Jessica
  2633 | D:3      | Killed Jessica
  2692 | D:3      | Identified Jessica's Guide on Unholy Magic
  3785 | D:4      | Reached XP level 7. HP: 68/68 MP: 7/7
  3798 | D:4      | Reached *** piety under Trog
  3973 | D:5      | Entered Level 5 of the Dungeon
  4095 | D:5      | Found a sand-covered staircase.
  4106 | Ossuary  | Entered an ossuary
  4615 | D:5      | Reached XP level 8. HP: 76/79 MP: 8/8
  4657 | D:5      | Found Affyatrooti's Book Emporium.
  4922 | D:5      | Reached **** piety under Trog
  5032 | D:6      | Reached skill level 10 in Fighting
  5330 | D:6      | Found a hazy altar of Hepliaklqana.
  5369 | D:6      | Noticed Azzok's ghost (novice CeHu)
  5383 | D:6      | Killed Azzok's ghost
  5896 | D:6      | Reached XP level 9. HP: 90/90 MP: 9/9
  5904 | D:6      | Noticed a hill giant
  5931 | D:6      | Killed a hill giant
  7028 | D:7      | Noticed Menkaure
  7049 | D:7      | Killed Menkaure
  7049 | D:7      | Reached skill level 2 in Bows
  7110 | D:7      | Reached skill level 3 in Bows
  7206 | D:7      | Reached skill level 4 in Bows
  7360 | D:7      | Reached skill level 5 in Bows
  7670 | D:7      | Found a staircase to the Ecumenical Temple.
  7672 | D:7      | Found a white marble altar of Elyvilon.
  7852 | D:7      | Reached skill level 6 in Bows
  8170 | D:8      | Received a gift from Trog
  8263 | D:8      | Reached skill level 7 in Bows
  8300 | D:7      | Reached XP level 10. HP: 69/101 MP: 10/10
  8448 | D:8      | Noticed Psyche
  8460 | D:8      | Killed Psyche
  8460 | D:8      | Reached skill level 8 in Bows
  8689 | D:8      | Noticed Maurice
  8843 | D:8      | Killed Maurice
  8843 | D:8      | Reached skill level 9 in Bows
  9131 | D:9      | Found Sita's Jewellery Emporium.
  9139 | D:9      | Bought a cursed -3 ring of dexterity for 24 gold pieces
  9170 | D:9      | Reached skill level 10 in Bows
  9630 | D:9      | Received a gift from Trog
  9712 | D:9      | Reached skill level 11 in Bows
 10253 | D:9      | Found a staircase to the Orcish Mines.
 10284 | D:9      | Found a shimmering altar of Xom.
 10821 | D:10     | Entered Level 10 of the Dungeon
 10851 | D:10     | Found a staircase to the Lair.
 10925 | D:10     | Reached skill level 12 in Bows
 11309 | D:10     | Noticed a hill giant
 11334 | D:10     | Killed a hill giant
 11345 | D:10     | Reached skill level 13 in Bows
 12050 | Lair:1   | Entered Level 1 of the Lair of Beasts
 12340 | Lair:1   | Reached XP level 11. HP: 69/107 MP: 11/11
 12902 | Lair:1   | Reached skill level 14 in Bows
 13885 | D:11     | Reached ***** piety under Trog
 13986 | D:11     | Noticed Josephine
 14214 | D:10     | Killed Josephine
 14364 | D:11     | Reached skill level 15 in Bows
 14761 | D:11     | Noticed Grum
 14778 | D:11     | Killed Grum
 15155 | D:10     | HP: 1/107 [killer bee (7)]
 15156 | D:10     | Succumbed to a killer bee's poison

Skill      XL: |  1  2  3  4  5  6  7  8  9 10 11 |
---------------+----------------------------------+-----
Fighting       | 4 6 8 9 12 13 | 13.1
Bows           | 7 13 15 | 15.7
Polearms       | |  2.6
Armour         | |  1.3
Dodging        | |  1.3

Action                   |  1- 3 |  4- 6 |  7- 9 | 10-12 || total
-------------------------+-------+-------+-------+-------++-------
Melee: Spear             |   107 |   119 |       |       ||   226
       Kick              |    15 |    35 |   154 |   247 ||   451
       Club              |       |    49 |       |       ||    49
       Trident           |       |     6 |   496 |   779 ||  1281
Invok: Berserk           |     1 |     1 |     5 |    12 ||    19
Evoke: Wand              |       |       |       |     3 ||     3
  Use: Scroll            |       |     8 |     3 |     2 ||    13
       Potion            |       |       |       |     8 ||     8
  Eat: Chunk             |       |     9 |    17 |    27 ||    53
       Fruit             |       |       |     1 |     4 ||     5
       Beef jerky        |       |       |       |     1 ||     1
Armor: Animal skin       |     7 |       |       |       ||     7
       Chain mail        |    55 |   133 |   106 |       ||   294
       Plate armour      |       |       |   304 |   991 ||  1295
Dodge: Dodged            |    26 |    33 |    59 |   119 ||   237
